[Event "Live Chess"]
[Site "Chess.com"]
[Date "2023.05.21"]
[Round "-"]
[White "Ed_Knox"]
[Black "defenderalist"]
[Result "1-0"]
[WhiteElo "1477"]
[BlackElo "1629"]
[TimeControl "300"]
[EndTime "7:46:35 PDT"]
[Termination "Ed_Knox won by resignation"]

1. d4 Nf6 2. Bf4 e6 3. e3 d5 4. Nf3 c5 5. Nbd2 Nc6 6. c3 Be7 7.
h3 h6 8. Bd3 c4 9. Bc2 O-O 10.
a4 Bd6 11. Bxd6 Qxd6 12. O-O Nh7 13. Qb1 Ng5 14. Nxg5 hxg5 15. Bh7+ Kh8 16. Bc2 f5 17. b4 g6 18. g4 fxg4 19. hxg4 Kg7 20. Bxg6 Ne7 21.
Bh5 Ng8 22. Qg6+ Kh8 23. Qxg5 e5 24. Qxe5+ Qxe5 25. dxe5 Nh6 26. f3 Be6 27. Kg2 Rg8 28. Rh1 Nf5 29. Bf7+ Kg7 30. Bxe6 Nxe3+ 31. Kg3 Rge8 32.
Bd7 Rxe5 33. Kf4 Re7 34. Bf5 Ng2+ 35. Kg3 Ne3 36. Rh7+ Kf6 37. Rxe7 Kxe7 38. Rh1 Nxf5+ 39. gxf5 Kf6 40. Kf4 Rg8 41. Nf1 Rg7 42. Ne3 Rd7 43.
Rh6+ Kg7 44. Re6 d4 45. cxd4 Rxd4+ 46. Re4 Rxe4+ 47. Kxe4 Kf6 48. Nxc4 a6 49. Nd6 b5 50. axb5 axb5 51. Nxb5 Ke7 52. Ke5 Kd7 53. Kf6 Kc6 54. Nd4+ Kd5 55. Kg7 Kxd4 56. f6 Kc4 57. f7 Kxb4 58.
f8=Q+ Kc3 59. Qd6 Kc4 60. Kf6 Kc3 61. Ke5 Kc4 62. Qd5+ Kc3 63. Qd4+ Kc2 64. Ke4 Kc1 65. Qf2 Kd1 66. Kd3 1-0

[Event "Live Chess"]
[Site "Chess.com"]
[Date "2023.05.21"]
[Round "-"]
[White "Leonid_Starozhilov"]
[Black "wot-not"]
[Result "1-0"]
[WhiteElo "2638"]
[BlackElo "1522"]
[TimeControl "300"]
[EndTime "7:46:47 PDT"]
[Termination "Leonid_Starozhilov won by resignation"]

1. e4 e6 2. Nc3 d5 3. d4 Nf6 4.
Bg5 Bb4 5. e5 h6 6. Bd2 Bxc3 7.
Bxc3 Ne4 8. Bd3 Nxc3 9. bxc3 c5 10.
h4 Nc6 11. Qg4 Qa5 12. Ne2 Bd7 13. Qxg7 O-O-O 14. Qxf7 Nxd4 15. O-O Nxe2+ 16. Bxe2 Qxc3 17. Rab1 Qxe5 18. Qe7 Qc7 19. Rb3 Rde8 20. Qf6 Bc6 21. Rfb1 Rhg8 22. Bb5 b6 23. a4 Bxb5 24. Rxb5 Ref8 25.
Qxe6+ Kb7 26. a5 Qf4 27. Qxd5+ Kb8 28. Rxb6+ axb6 29. Rxb6+ Kc8 30. Qa8+ Kd7 31. Qa7+ Qc7 32. Rb7 Qxb7 33. Qxb7+ Kd6 34. Qb6+ Kd5 35. Qxh6 c4 36. c3 Kc5 37. Qb6+ Kd5 38. Qd4+ Kc6 39. Qxc4+ Kb7 40.
Qb5+ Kc7 41. Qb6+ Kd7 42. c4 Rb8 43. Qd4+ Kc6 44. Qd5+ Kc7 45. a6 Rb1+ 46. Kh2 Rb6 47. a7 Rb7 48. Qxg8 1-0

[Event "Live Chess"]
[Site "Chess.com"]
[Date "2023.05.21"]
[Round "-"]
[White "Crowded_House"]
[Black "chessfiction"]
[Result "0-1"]
[WhiteElo "1610"]
[BlackElo "2298"]
[TimeControl "300"]
[EndTime "7:46:56 PDT"]
[Termination "chessfiction won by resignation"]

1. d4 d5 2. Bg5 h6 3. Bh4 g5 4. Bg3 c5 5. c3 Bg7 6. e3 Nc6 7. Bd3 e5 8. dxe5 Nxe5 9. Nf3 Nxd3+ 10. Qxd3 Ne7 11. Be5 f6 12. Bg3 O-O 13. O-O Bf5 14. Qd2 Qd7 15. Na3 Be4 16. Qe2 h5 17. h3 Nf5 18.
Nd2 Nxg3 19. fxg3 Bg6 20. Rfd1 Rae8 21. Nf1 Be4 22. Nd2 g4 23. Nxe4 Rxe4 24. Rd2 Qe6 25.
Rad1 Rxe3 26. Qf2 Re5 27. Qxc5 Bh6 28. Rxd5 Be3+ 29. Kh2 Bxc5 0-1

[Event "Live Chess"]
[Site "Chess.com"]
[Date "2023.05.21"]
[Round "-"]
[White "YrrriKharkiv"]
[Black "raminguy"]
[Result "1-0"]
[WhiteElo "2047"]
[BlackElo "1950"]
[TimeControl "300"]
[EndTime "7:47:05 PDT"]
[Termination "YrrriKharkiv won by resignation"]

1. d4 d5 2. Nf3 Nf6 3. c4 dxc4 4. Nc3 c5 5. d5 e6 6. e4 exd5 7. exd5 Bd6 8. Bxc4 Qe7+ 9. Be3 O-O 10. O-O Bg4 11. h3 Bh5 12. Re1 Qd8 13. Be2 Nbd7 14. Nd2 Bg6 15.
Nc4 Bb8 16. d6 a6 17. a4 Ba7 18. Bf3 Rb8 19. a5 Re8 20. Nd5 Ne5 21. Ne7+ Kh8 22.
Nxe5 1-0

[Event "Live Chess"]
[Site "Chess.com"]
[Date "2023.05.21"]
[Round "-"]
[White "AMCWAML"]
[Black "educatedlad"]
[Result "1-0"]
[WhiteElo "2248"]
[BlackElo "1624"]
[TimeControl "300"]
[EndTime "7:47:08 PDT"]
[Termination "AMCWAML won by checkmate"]

1. e4 e6 2. Nf3 d5 3. exd5 exd5 4. d4 Nc6 5. Bd3 Nb4 6. Be2 Bf5 7. Na3 Bd6 8. c3 Nc6 9. Qb3 Nge7 10. Nc2 Rb8 11. Ne3 Bg6 12. Nxd5 Nxd5 13. Qxd5 O-O 14. O-O Re8 15. Qc4 Na5 16. Qa4 Nc6 17. Bb5 Be4 18. Ng5 Bd5 19. c4 Be6 20. d5 Bd7 21. dxc6 Bxc6 22. Bxc6 bxc6 23. Qxc6 Rb6 24. Qf3 Rf8 25. b3 Be5 26. Qf5 Bxa1 27. Qxh7# 1-0

[Event "Live Chess"]
[Site "Chess.com"]
[Date "2023.05.21"]
[Round "-"]
[White "davidlightfoot"]
[Black "grillage"]
[Result "0-1"]
[WhiteElo "680"]
[BlackElo "1784"]
[TimeControl "300"]
[EndTime "7:47:21 PDT"]
[Termination "grillage won by checkmate"]

1. d4 Nf6 2. c4 e6 3. g3 Bb4+ 4. Bd2 Bxd2+ 5. Nxd2 d6 6. Ngf3 Nbd7 7. Bg2 O-O 8. Qc2 e5 9. dxe5 Nxe5 10. O-O Re8 11. Rfe1 Rb8 12. h3 Bd7 13. Ne4 Nxf3+ 14. exf3 Bc6 15.
Nxf6+ Qxf6 16. Rxe8+ Rxe8 17. g4 Bxf3 18. Bxf3 Qxf3 19.
Rc1 Re2 20. Qd1 Qxf2+ 21. Kh1 Qg2# 0-1

[Event "Live Chess"]
[Site "Chess.com"]
[Date "2023.05.21"]
[Round "-"]
[White "GMHarry-youtube"]
[Black "CheckThis4"]
[Result "0-1"]
[WhiteElo "2034"]
[BlackElo "2529"]
[TimeControl "300"]
[EndTime "7:47:27 PDT"]
[Termination "CheckThis4 won by checkmate"]

1. e4 d5 2. exd5 Nf6 3. d4 Bg4 4. f3 Bf5 5. Bb5+ Nbd7 6. c4 e6 7.
dxe6 fxe6 8. Nc3 c6 9. Ba4 Qc7 10. Nge2 O-O-O 11. Bf4 Bd6 12. Qd2 e5 13. dxe5 Nxe5 14.
Bxe5 Bxe5 15. Qe3 Rhe8 16. Ne4 Nxe4 17. fxe4 Qa5+ 18. Kf1 Qxa4 19. exf5 Bxb2 20. Qh3 Bxa1 21. f6+ Kb8 22. f7 Qd1+ 23. Kf2 Qxe2+ 24. Kg3 Re3+ 25.
Kf4 Qf2+ 26. Qf3 Rxf3+ 27. gxf3 Rd4+ 28. Kg5 Qe3+ 29. Kf5 Qxf3+ 30. Ke6 Re4+ 31. Kd7 Qxf7+ 32. Kd8 Qe7# 0-1

[Event "Live Chess"]
[Site "Chess.com"]
[Date "2023.05.21"]
[Round "-"]
[White "diana21strabt"]
[Black "WilliamofOrange16th"]
[Result "0-1"]
[WhiteElo "1734"]
[BlackElo "1867"]
[TimeControl "300"]
[EndTime "7:47:30 PDT"]
[Termination "WilliamofOrange16th won by resignation"]

1. e4 d6 2. d4 Nf6 3. Nc3 Nbd7 4.
Nf3 e5 5. dxe5 dxe5 6. Bc4 Be7 7. O-O O-O 8. Bg5 c6 9. Qe2 Qc7 10. Rad1 b5 11. Bb3 Nc5 12. Bxf6 Bxf6 13. Nd2 a5 14. a4 b4 15. Na2 Nxb3 16. Nxb3 Ba6 17. Qf3 Bxf1 18.
Rxf1 Rad8 19. h3 c5 20. Rd1 Rxd1+ 21. Qxd1 Rd8 22. Qe2 c4 23. Nd2 Rc8 24. c3 Be7 25. cxb4 axb4 26. Nc1 c3 27. bxc3 Qxc3 28. Ndb3 Qc2 29.
Qxc2 Rxc2 30. a5 Bc5 31. Nd3 Bd6 32. a6 Ra2 33. Ndc5 Bxc5 34. Nxc5 b3 35. Nxb3 Rxa6 36.
Kf1 Ra2 37. g3 Kf8 38. Kg2 Ke7 39. Nc5 Kd6 40. Nd3 Rd2 41. Ne1 Rd4 42. Kf3 g6 43. Nc2 Rd2 44. Ne3 Rd3 45. Ke2 Rb3 46. f4 exf4 47.
gxf4 h5 48. h4 Rb2+ 49. Kf3 Rh2 50. Kg3 Rh1 51. Nc4+ Kc5 52. Ne5 Kd4 53. Nxf7 Kxe4 54. Ng5+ Ke3 55. Nf3 Rf1 56. Ne5 Rg1+ 57. Kh2 Kxf4 58.
Nxg6+ Rxg6 0-1

[Event "Live Chess"]
[Site "Chess.com"]
[Date "2023.05.21"]
[Round "-"]
[White "peleus16"]
[Black "LiamBellwood"]
[Result "0-1"]
[WhiteElo "1722"]
[BlackElo "1910"]
[TimeControl "300"]
[EndTime "7:47:31 PDT"]
[Termination "LiamBellwood won by checkmate"]

1. d4 e6 2. e3 f5 3. Bd3 Nf6 4. Nf3 b6 5. O-O Bb7 6. Nbd2 Be7 7. c3 O-O 8. Re1 Ne4 9. Qc2 d5 10. Ne5 Nd7 11. f3 Nxd2 12. Bxd2 Nf6 13. Rac1 a5 14.
c4 Ba6 15. c5 Bxd3 16. Nxd3 b5 17. Kh1 c6 18. Rg1 Kh8 19. Ne5 Qc7 20. g4 fxg4 21. fxg4 Ne4 22. Rg2 Bh4 23. Be1 Bg5 24. Qe2 Bf6 25. Bg3 Nxg3+ 26. Rxg3 Bxe5 27. dxe5 Qxe5 28. g5 Qe4+ 29. Rg2 Rf5 30. Qh5 Raf8 31. g6 Rf1+ 32.
Rxf1 Rxf1# 0-1

[Event "Live Chess"]
[Site "Chess.com"]
[Date "2023.05.21"]
[Round "-"]
[White "ossie57"]
[Black "Hussamalhaidar"]
[Result "1-0"]
[WhiteElo "1836"]
[BlackElo "1145"]
[TimeControl "300"]
[EndTime "7:47:36 PDT"]
[Termination "ossie57 won on time"]

1. e4 b6 2. d4 Bb7 3. Bd3 Nf6 4.
Nc3 e6 5. Bg5 Bb4 6. Ne2 h6 7.
Bh4 g5 8. Bg3 Nxe4 9. Bxe4 Bxe4 10. O-O Bb7 11. d5 d6 12. dxe6 fxe6 13. Qd4 Bxc3 14. Nxc3 e5 15. Qd3 Qf6 16. Qc4 Nc6 17. Nd5 Qd8 18. Qe4 Ne7 19. c4 Bxd5 20. cxd5 Rf8 21.
h4 Qd7 22. hxg5 hxg5 23. Rac1 Kd8 24. Rc3 Qf5 25. Qc4 Rc8 26. Rfc1 Qd7 27. Qa6 Nxd5 28.
Rc4 b5 29. Re4 Nb4 30. Rxb4 c6 31. Qa5+ Ke8 32. Re4 Qf5 33. Qe1 c5 34. Bxe5 Kd7 35. Rd1 Rce8 36. Rxd6+ Kc8 37. Rd5 Rxe5 38. Rdxe5 Qd7 39.
Rxc5+ Kb8 40. Rce5 Rh8 41. Re8+ Rxe8 42. Rxe8+ Qxe8 43. Qxe8+ 1-0

[Event "Live Chess"]
[Site "Chess.com"]
[Date "2023.05.21"]
[Round "-"]
[White "WelshTiger"]
[Black "Ian-Morley"]
[Result "1-0"]
[WhiteElo "2339"]
[BlackElo "1089"]
[TimeControl "300"]
[EndTime "7:47:40 PDT"]
[Termination "WelshTiger won by resignation"]

1. e4 e5 2. Nf3 Nc6 3. d4 exd4 4. Bc4 Nf6 5. e5 Ng8 6. O-O d5 7. Bb5 a6 8. Bxc6+ bxc6 9. Nxd4 Be6 10. Nxc6 Qd7 11.
Nd4 Bc5 12. Be3 Bxd4 13. Bxd4 c6 14. Nd2 Ne7 15. Nb3 Nf5 16. Nc5 Qc8 17. Qd3 Nxd4 18. Qxd4 O-O 19. f4 Rb8 20. b3 a5 21. c3 f6 22. Rae1 fxe5 23. Rxe5 a4 24. Rxe6 axb3 25. axb3 Rxb3 26. Re7 Rf7 27. Rxf7 Kxf7 28. Nxb3 1-0

[Event "Live Chess"]
[Site "Chess.com"]
[Date "2023.05.21"]
[Round "-"]
[White "MarkLim1"]
[Black "RichardABates"]
[Result "0-1"]
[WhiteElo "1716"]
[BlackElo "2151"]
[TimeControl "300"]
[EndTime "7:47:46 PDT"]
[Termination "RichardABates won by resignation"]

1. e4 c5 2. Nf3 d6 3. Bb5+ Nd7 4. O-O Nf6 5. Re1 a6 6. Bf1 b5 7. c3 Bb7 8. d3 g6 9. Be3 Bg7 10. Qd2 O-O 11. Bh6 a5 12. Bxg7 Kxg7 13. Qc2 b4 14. Nbd2 Qc7 15. Rac1 e5 16. d4 cxd4 17. cxd4 Qxc2 18.
Rxc2 Rfc8 19. Bc4 exd4 20. Nxd4 Ne5 21. f3 Ba6 22. Rec1 Bxc4 23. Nxc4 Ra6 24. Ne3 Rd8 25.
Nc6 Nxc6 26. Rxc6 Rxc6 27. Rxc6 d5 28. e5 Nd7 29. Rd6 d4 30. Rxd4 Kf8 31. f4 Ke8 32. Nc4 Ra8 33. Kf2 Nc5 34. Nd6+ Ke7 35. Ne4 Ne6 36. Rc4 Nxf4 37. Kg3 Ne6 38. Kf3 Rd8 39.
Ke3 Rd1 40. Rc7+ Nxc7 0-1

[Event "Live Chess"]
[Site "Chess.com"]
[Date "2023.05.21"]
[Round "-"]
[White "wadsy27"]
[Black "Missedidea"]
[Result "1-0"]
[WhiteElo "2539"]
[BlackElo "1770"]
[TimeControl "300"]
[EndTime "7:47:55 PDT"]
[Termination "wadsy27 won by resignation"]

1. e4 c5 2. Nc3 g6 3. f4 Bg7 4.
Nf3 e6 5. g3 a6 6. a4 Nc6 7. Bg2 Nge7 8. d3 d5 9. e5 O-O 10. O-O Rb8 11. Ne2 b5 12. g4 Qc7 13.
Ng3 Bb7 14. c3 d4 15. Ne4 Rbd8 16. Nxc5 Nxe5 17. Nxb7 Nxf3+ 18. Qxf3 Rb8 19. axb5 axb5 20. f5 Nd5 21. Bf4 Qxb7 22. Bxb8 Qxb8 23. fxe6 fxe6 24. Qe4 Rxf1+ 25. Rxf1 Qd6 26. c4 bxc4 27. dxc4 Nf6 28. Qa8+ Kf7 29. Qa7+ Ke8 30. Qxg7 Nxg4 31. Qg8+ Kd7 32.
Rf7+ 1-0

[Event "Live Chess"]
[Site "Chess.com"]
[Date "2023.05.21"]
[Round "-"]
[White "LaupMiths"]
[Black "bedsdrout"]
[Result "0-1"]
[WhiteElo "1807"]
[BlackElo "1640"]
[TimeControl "300"]
[EndTime "7:47:57 PDT"]
[Termination "bedsdrout won by checkmate"]

1. c4 e5 2. Nc3 Nc6 3. e3 Bb4 4. Qc2 d6 5. a3 Bc5 6. b4 Bb6 7.
Nd5 Nge7 8. Nxb6 axb6 9. Bb2 Ng6 10. g3 Qf6 11. Bg2 Bg4 12. h3 Bf5 13. Qc3 O-O 14.
Ne2 Qd8 15. O-O Qc8 16. Kh2 Nce7 17. f4 f6 18. e4 Bd7 19. f5 Nh8 20. g4 Nc6 21.
Bf3 Nf7 22. h4 Ne7 23. Rg1 g5 24. hxg5 Nxg5 25. Kg3 Qe8 26. Rg2 b5 27. Rh1 Qf7 28.
d3 bxc4 29. dxc4 b5 30. cxb5 Bxb5 31. Bc1 Nxf3 32. Qxf3 d5 33. g5 fxg5 34. Qg4 Bxe2 35. Rxe2 dxe4 36. Bxg5 Nxf5+ 37. Kg2 Qg6 38. Rxe4 Rxa3 39.
Rxe5 Qc6+ 40. Kh2 Rg3 41. Qh5 Qg2# 0-1

[Event "Live Chess"]
[Site "Chess.com"]
[Date "2023.05.21"]
[Round "-"]
[White "PaulyD81"]
[Black "onemoretime1975"]
[Result "0-1"]
[WhiteElo "1188"]
[BlackElo "1849"]
[TimeControl "300"]
[EndTime "7:48:12 PDT"]
[Termination "onemoretime1975 won on time"]

1. d4 d5 2. c4 e6 3. Nc3 Nf6 4. cxd5 exd5 5. Nf3 c6 6. e3 Bf5 7. Be2 h6 8. O-O Bd6 9. Nh4 Bh7 10. Bd3 O-O 11. Bxh7+ Kxh7 12. Qd3+ g6 13. Nf3 Nbd7 14.
Re1 Re8 15. Nd2 Qc7 16. g3 Re7 17. e4 dxe4 18. Ncxe4 Nxe4 19. Rxe4 Rae8 20. Rxe7 Rxe7 21. b3 Nf6 22. Nf3 Qd7 23. Qd2 Ng8 24. Bb2 Qg4 25. Ne5 Bxe5 26. dxe5 Rd7 27. Qf4 Rd1+ 28. Rxd1 Qxd1+ 29. Kg2 Qd5+ 30. Kh3 Qe6+ 31. Kg2 Ne7 0-1

[Event "Live Chess"]
[Site "Chess.com"]
[Date "2023.05.21"]
[Round "-"]
[White "EdenHazard8"]
[Black "Ed_Knox"]
[Result "1-0"]
[WhiteElo "1926"]
[BlackElo "1475"]
[TimeControl "300"]
[EndTime "7:48:26 PDT"]
[Termination "EdenHazard8 won by checkmate"]

1. e4 d5 2. exd5 Qxd5 3. Nc3 Qd8 4. d4 c6 5. Nf3 Bf5 6. Bd3 e6 7. Bxf5 exf5 8. O-O g6 9. Re1+ Ne7 10. Bg5 f6 11. Bxf6 Rg8 12. Qe2 b5 13. Qe6 Rg7 14. Ne5 Nd7 15.
Bxg7 Bxg7 16. Qf7# 1-0

[Event "Live Chess"]
[Site "Chess.com"]
[Date "2023.05.21"]
[Round "-"]
[White "Leonid_Starozhilov"]
[Black "defenderalist"]
[Result "1-0"]
[WhiteElo "2638"]
[BlackElo "1629"]
[TimeControl "300"]
[EndTime "7:48:27 PDT"]
[Termination "Leonid_Starozhilov won by resignation"]

1. e4 c5 2. Nf3 Nc6 3. Bb5 a6 4.
Bxc6 dxc6 5. O-O e6 6. d3 Be7 7. a4 Nf6 8. a5 O-O 9. b3 Ne8 10. Bb2 Bf6 11. e5 Be7 12. Nbd2 b5 13. axb6 Qxb6 14.
Nc4 Qc7 15. Re1 Bb7 16. Qd2 h6 17. Bc3 a5 18. Bxa5 Qd7 19. Nb6 1-0

[Event "Live Chess"]
[Site "Chess.com"]
[Date "2023.05.21"]
[Round "-"]
[White "SupremeTactician"]
[Black "LL220284LL"]
[Result "1-0"]
[WhiteElo "2208"]
[BlackElo "2223"]
[TimeControl "300"]
[EndTime "7:48:34 PDT"]
[Termination "SupremeTactician won by resignation"]

1. e4 c5 2. Nf3 Nc6 3. d4 cxd4 4. Nxd4 g6 5. c4 Bg7 6. Be3 Qb6 7. Nb3 Qd8 8. Nd4 Qb6 9. Nb3 Qd8 10. Nc3 Nf6 11. f3 O-O 12. Be2 d6 13. O-O Be6 14. Rc1 Rc8 15. Nd5 Bxd5 16. cxd5 Ne5 17. h3 Rxc1 18. Qxc1 Qb8 19. Qd2 Rc8 20. Rc1 b6 21. Rxc8+ Qxc8 22. Qc1 Qxc1+ 23. Bxc1 Ned7 24. Kf2 Kf8 25. Ke1 Ke8 26. Be3 Kd8 27. Kd2 Kc7 28. Nd4 Ne5 29. Ba6 Bf8 30. a4 Ned7 31. Nb5+ Kb8 32. b4 Ne5 33. Nd4 Ne8 34. f4 Nd7 35. Bb5 Ndf6 36.
Bd3 Nc7 37. g4 e5 38. fxe5 dxe5 39. Nc6+ Kb7 40. Nxe5 Bxb4+ 41. Ke2 Nfe8 42. Nxf7 Nd6 43. Nxd6+ Bxd6 44. Bd4 Na6 45. e5 Bc5 46. Bxa6+ Kxa6 1-0

[Event "Live Chess"]
[Site "Chess.com"]
[Date "2023.05.21"]
[Round "-"]
[White "Mugzwang"]
[Black "NotHarryV"]
[Result "1-0"]
[WhiteElo "1463"]
[BlackElo "1502"]
[TimeControl "300"]
[EndTime "7:48:38 PDT"]
[Termination "Mugzwang won by resignation"]

1. Nf3 Nf6 2. g3 d5 3. c4 d4 4.
d3 c5 5. Bg2 Nc6 6. O-O e5 7.
Qa4 Bd7 8. Qc2 Qc7 9. Na3 a6 10.
Bg5 Be7 11. Nd2 O-O 12. Bxf6 Bxf6 13. Ne4 Be7 14. Qd2 f5 15. Ng5 Nb4 16. Nc2 Bc6 17.
Ne6 Qd6 18. Nxf8 Rxf8 19. Nxb4 cxb4 20. Bxc6 bxc6 21. b3 f4 22. Rac1 c5 23. Qb2 fxg3 24.
fxg3 Rxf1+ 25. Rxf1 Qh6 26. Qc1 Qh5 27. e3 Bg5 28.
Qd1 Bxe3+ 29. Kh1 Qh6 30. Qf3 g6 31. Qf7+ Kh8 32. Qe8+ Qf8 1-0

[Event "Live Chess"]
[Site "Chess.com"]
[Date "2023.05.21"]
[Round "-"]
[White "whatnot126"]
[Black "domrobson"]
[Result "1-0"]
[WhiteElo "2070"]
[BlackElo "1755"]
[TimeControl "300"]
[EndTime "7:48:54 PDT"]
[Termination "whatnot126 won by resignation"]

1. e4 e5 2. Nf3 Nc6 3. d4 exd4 4. Bc4 Nf6 5. O-O Nxe4 6. Re1 d5 7. Bxd5 Qxd5 8.
Nc3 Qh5 9. Nxe4 Be6 10. Neg5 Be7 11. Nxe6 fxe6 12. Rxe6 O-O 13. Qe2 Bd6 14. Qc4 Kh8 15. Bd2 Qg4 16. h3 Qh5 17. Rae1 a6 18. Nxd4 Nxd4 19.
Qxd4 Bc5 20. Qe5 Bxf2+ 21. Kh2 Qxe5+ 22. R1xe5 Bb6 23. Re7 Bd4 24. Rd5 Bb6 25. Bc3 Rg8 26. Rdd7 h6 27. Rxg7 1-0

[Event "Live Chess"]
[Site "Chess.com"]
[Date "2023.05.21"]
[Round "-"]
[White "davigator"]
[Black "LiamClery2020"]
[Result "1-0"]
[WhiteElo "2289"]
[BlackElo "2006"]
[TimeControl "300"]
[EndTime "7:48:55 PDT"]
[Termination "davigator won by resignation"]

1. e4 Nf6 2. Nc3 e5 3. Nf3 Nc6 4. Bb5 Bb4 5. O-O O-O 6. d3 Bxc3 7. bxc3 d6 8. h3 h6 9. a4 Bd7 10. a5 a6 11. Bc4 Ne7 12. Re1 Ng6 13. d4 exd4 14. cxd4 Re8 15. e5 dxe5 16. dxe5 Nh5 17.
Qd3 Be6 18. Rb1 Ngf4 19. Qe4 Bxc4 20. Qxc4 Rb8 21. Bxf4 1-0

[Event "Live Chess"]
[Site "Chess.com"]
[Date "2023.05.21"]
[Round "-"]
[White "AttackingSnowLeopard"]
[Black "ramses-IIG"]
[Result "1-0"]
[WhiteElo "2156"]
[BlackElo "870"]
[TimeControl "300"]
[EndTime "7:48:59 PDT"]
[Termination "AttackingSnowLeopard won by resignation"]

1. e4 d5 2. e5 d4 3. g3 Nc6 4.
Nf3 Bf5 5. d3 e6 6. Bg2 Nb4 7. O-O Qd7 8. Nh4 c6 9. Nxf5 exf5 10. Nd2 Bc5 11. Nc4 Ne7 12. e6 Qxe6 13.
Re1 Qf6 14. Bf4 O-O 15. Ne5 Rfd8 16. Qd2 h6 17. h4 Bd6 18. c4 c5 19. a3 Nbc6 20. Nxc6 Nxc6 21. Bd5 Bxf4 22. Qxf4 Rab8 23. Re2 Ne7 24. Rae1 Nxd5 25. cxd5 Rxd5 26. Qxb8+ Kh7 27. Re5 Rd8 28. Qxb7 f4 29. Qe4+ Kg8 30. Qxf4 Qxf4 31. gxf4 Rc8 32. Re8+ Rxe8 33. Rxe8+ Kh7 34. Ra8 Kg6 35.
Rxa7 Kf5 36. Rc7 Kxf4 37. Rxc5 Kf3 38. a4 Ke2 39. a5 Kxd3 40. a6 Ke4 41. a7 d3 42. a8=Q+ Kf4 43. Rc4+ Ke5 44. Qe4+ 1-0

[Event "Live Chess"]
[Site "Chess.com"]
[Date "2023.05.21"]
[Round "-"]
[White "viktorskliarov"]
[Black "ProfPoisson"]
[Result "1-0"]
[WhiteElo "2646"]
[BlackElo "1225"]
[TimeControl "300"]
[EndTime "7:49:02 PDT"]
[Termination "viktorskliarov won - game abandoned"]

1. e4 e5 2. Nc3 Nf6 3. Bc4 c6 4. Nf3 d5 5. exd5 cxd5 6. Bb5+ Bd7 7.
Nxe5 Bd6 8. Nxd7 Nbxd7 9. O-O O-O 10. d4 a6 11. Bd3 b5 12. Qf3 Qc7 13. h3 Rfe8 14.
Nxd5 Nxd5 15. Qxd5 Rad8 16. Qf3 Nf6 17. c3 b4 18. Bg5 Be7 19. Rae1 bxc3 20. bxc3 Qxc3 21.
Bxf6 Bxf6 22. Bxh7+ Kxh7 23. Qxc3 1-0

[Event "Live Chess"]
[Site "Chess.com"]
[Date "2023.05.21"]
[Round "-"]
[White "EdenHazard8"]
[Black "LL220284LL"]
[Result "0-1"]
[WhiteElo "1924"]
[BlackElo "2225"]
[TimeControl "300"]
[EndTime "7:49:12 PDT"]
[Termination "LL220284LL won by resignation"]

1. e4 c5 2. Nc3 e6 3. f4 Nf6 4. Nf3 d5 5. Bb5+ Bd7 6. Bxd7+ Qxd7 7. d3 dxe4 8. dxe4 Qxd1+ 9. Kxd1 Nc6 10. Ke2 O-O-O 11.
Be3 Nd4+ 12. Kf2 Ng4+ 0-1

[Event "Live Chess"]
[Site "Chess.com"]
[Date "2023.05.21"]
[Round "-"]
[White "stevochess11"]
[Black "garyjc"]
[Result "1-0"]
[WhiteElo "1667"]
[BlackElo "1065"]
[TimeControl "300"]
[EndTime "7:49:17 PDT"]
[Termination "stevochess11 won by resignation"]

1. d4 d5 2. Nf3 Nf6 3. e3 Nc6 4. Bb5 a6 5. Bxc6+ bxc6 6. Ne5 e6 7. Nxc6 Qd6 8. Ne5 Be7 9. Nd2 O-O 10. O-O Nd7 11.
f4 f6 12. Nxd7 Bxd7 13. Rf3 e5 14. fxe5 fxe5 15. dxe5 Qxe5 16. Rxf8+ Rxf8 17. Nf3 Qf6 18. Qxd5+ Be6 19. Qd4 Qxd4 20. exd4 Bg4 21. Ne5 Be2 22. Be3 Re8 23. Re1 Bb5 24. c4 Bb4 25. Rf1 Bxc4 26. Nxc4 a5 27. Ne5 c5 28. a3 1-0

[Event "Live Chess"]
[Site "Chess.com"]
[Date "2023.05.21"]
[Round "-"]
[White "Doge_Dandolo"]
[Black "Conradical12"]
[Result "1-0"]
[WhiteElo "1872"]
[BlackElo "1532"]
[TimeControl "300"]
[EndTime "7:49:24 PDT"]
[Termination "Doge_Dandolo won by resignation"]

1. Nf3 Nc6 2. e4 e5 3. Bc4 Nf6 4. Ng5 d5 5. exd5 Na5 6. Bb5+ c6 7. dxc6 bxc6 8. Qf3 Be7 9. b3 Bg4 10. Bxc6+ Nxc6 11. Qxc6+ Bd7 12. Qc3 O-O 13. Bb2 Rc8 14. Qd3 g6 15. Nc3 Ng4 16. h3 Nxf2 17. Kxf2 Bxg5 18.
Ne4 Bf5 19. Rhe1 Qxd3 20. cxd3 Bxe4 21. dxe4 Bxd2 22. Red1 Bh6 23. Bxe5 f6 24. Bd6 Rfd8 25. Rd5 Rc2+ 26. Kf3 Rc3+ 27. Ke2 f5 28. e5 Re3+ 29. Kf2 Re4 30. Rad1 Be3+ 31. Kf1 Rf4+ 32. Ke2 Bb6 33. e6 Re4+ 34. Kf1 Rxe6 35. a4 a5 36. Bc5 Rxd5 37.
Rxd5 Bxc5 38. Rxc5 Re3 39. Rxa5 Rxb3 40. Ra7 Ra3 41. a5 h6 42. Kf2 Kf8 43. a6 Ke8 44. Ke2 Kd8 45. Ra8+ Kc7 46. a7 Kb7 47. Rh8 h5 48. h4 Rxa7 49. Rh7+ Kb6 50. Rxa7 Kxa7 51. Ke3 Kb7 52. Kf4 Kc6 53. Kg5 Kd5 54. Kxg6 Ke5 55. Kxh5 Kf6 56. g3 Kg7 57. Kg5 Kf7 58. Kxf5 Kg7 59. g4 Kf7 60. h5 Kg7 61. g5 Kh8 62. h6 Kg8 63. Kg6 Kh8 64. Kf6 Kg8 65. g6 Kh8 66.
g7+ Kg8 67. h7+ Kxh7 68. Kf7 1-0

[Event "Live Chess"]
[Site "Chess.com"]
[Date "2023.05.21"]
[Round "-"]
[White "TheSmoulderingMaster"]
[Black "luckywookie"]
[Result "1-0"]
[WhiteElo "1671"]
[BlackElo "811"]
[TimeControl "300"]
[EndTime "7:49:30 PDT"]
[Termination "TheSmoulderingMaster won by checkmate"]

1. e4 c6 2. d4 d5 3. Nc3 Nf6 4.
e5 Ne4 5. Nxe4 dxe4 6. Ne2 Bg4 7. Qd2 e6 8. Qe3 Nd7 9. Nc3 c5 10. Nxe4 cxd4 11. Qxd4 Bc5 12. Nxc5 Nxc5 13. Qxg4 Qa5+ 14.
Bd2 Qc7 15. Qxg7 O-O-O 16. O-O-O Rd5 17. Bc3 Rhd8 18. Be2 Ne4 19. Bf3 Nxc3 20. Bxd5 Nxd5 21. Rd3 f6 22. exf6 Qxg7 23. fxg7 Rg8 24. Rg3 Ne7 25. Re1 Nf5 26. Rg5 Nxg7 27. Rxe6 Nxe6 28. Rxg8+ Kd7 29. Kd2 Kd6 30. Kd3 Ke5 31. Re8 a5 32. Rxe6+ Kxe6 33. Kc4 Ke5 34. Kb5 Kd5 35. Kxa5 Kc5 36.
b4+ Kc4 37. b5 Kc3 38. Kb6 Kxc2 39. Kxb7 Kd2 40. Kc7 Ke2 41. b6 Kxf2 42. b7 Kxg2 43. b8=Q Kxh2 44. a4 Kg2 45. a5 h5 46. a6 h4 47. a7 h3 48. a8=Q+ Kg3 49. Qb3+ Kf2 50. Qaa2+ Ke1 51. Qbb1# 1-0

[Event "Live Chess"]
[Site "Chess.com"]
[Date "2023.05.21"]
[Round "-"]
[White "Vitalii18a"]
[Black "GEMdzq"]
[Result "0-1"]
[WhiteElo "1128"]
[BlackElo "2227"]
[TimeControl "300"]
[EndTime "7:49:35 PDT"]
[Termination "GEMdzq won by resignation"]

1. e4 d6 2. c3 Nf6 3. Bd3 c5 4. Bc2 Nc6 5. Nf3 e5 6. O-O Be7 7. Re1 Bg4 8. h3 Bh5 9. g4 Bg6 10. d4 cxd4 11. cxd4 O-O 12. dxe5 dxe5 13. Qxd8 Rfxd8 14. Nc3 Nd4 15. Nxd4 exd4 16. Ne2 d3 17. Nf4 dxc2 18. Nxg6 hxg6 19. Bg5 Bb4 20. Rec1 Rdc8 21.
a3 Nxe4 22. Be3 Bd2 23. Bxd2 Nxd2 24. a4 Nb3 25. Rxc2 Rxc2 26. Ra3 Nc5 27. Re3 Rd8 28. b4 Nd3 29. b5 Nxf2 30. Kg2 Nxg4+ 31. Kf3 Nxe3 32.
Kxe3 0-1

[Event "Live Chess"]
[Site "Chess.com"]
[Date "2023.05.21"]
[Round "-"]
[White "raminguy"]
[Black "Crowded_House"]
[Result "1-0"]
[WhiteElo "1952"]
[BlackElo "1608"]
[TimeControl "300"]
[EndTime "7:49:39 PDT"]
[Termination "raminguy won by checkmate"]

1. d4 e6 2. Nc3 d5 3. Bf4 Bd6 4.
e3 Bxf4 5. exf4 Nf6 6. Nf3 a6 7. Ne5 Nbd7 8. Bd3 O-O 9. g4 Nxe5 10.
fxe5 Ne4 11. Nxe4 dxe4 12. Bxe4 c6 13. c3 Bd7 14. Bc2 b6 15. Qd3 g6 16. Qe3 Rc8 17.
h4 c5 18. h5 cxd4 19. Qh6 Qe7 20. hxg6 fxg6 21. Bxg6 Be8 22. Bxh7+ Kh8 23. Bg6+ Kg8 24. Qh8# 1-0